Map: Rhoskallian LE

Players

Nyck

  • Race: Terran Terran
  • Spawn Location: 11:00

Ekelpack

  • Race: Zerg Zerg
  • Spawn Location: 12:00

llordciock - Winner!

  • Race: Protoss Protoss
  • Spawn Location: 5:00

Vince - Winner!

  • Race: Protoss Protoss
  • League: Platinum
  • Spawn Location: 6:00

VOD

Have the link to the VOD?

Description

Time

  • Played on: Aug. 20, 2024, 3:29 p.m.
  • Length: 16:56
Show
View Real Time Build Order
Export as new Build Order

Nyck Terran 

Build Orders:  

Get SALT Encoding   

  12  0:00  SCV  
  13  0:12  SCV  
  14  0:18  Supply Depot  
  14  0:24  SCV  
  15  0:40  SCV  
  15  0:41  Barracks  
  16  0:52  SCV  
  16  0:55  Barracks  
  17  1:04  SCV  
  18  1:16  SCV  
  19  1:27  Refinery  
  19  1:28  Orbital Command  
  19  1:30  Marine  
  19  1:31  Supply Depot  
  20  1:44  Marine  
  21  1:49  Refinery  
  21  1:51  Marine  
  22  1:58  SCV  
  23  2:05  Barracks  
  23  2:08  Barracks Tech Lab  
  23  2:09  Marine  
  23  2:14  SCV  
  25  2:26  SCV, Marine  
  25  2:27  Marine  
  25  2:28  Combat Shield  
  28  2:38  SCV  
  28  2:39  Supply Depot  
  29  2:44  Marine  
  29  2:47  Barracks Reactor  
  30  2:53  Barracks Reactor  
  30  2:59  SCV  
  31  3:15  Marine  
  31  3:18  Command Center  
  32  3:23  Engineering Bay  
  32  3:25  Engineering Bay  
  32  3:33  Marine  
  33  3:37  Reaper x2  
  33  3:38  Reaper  
  33  3:40  Reaper  
  37  3:50  SCV  
  38  4:03  SCV  
  38  4:07  Terran Infantry Weapons Level 1  
  38  4:08  Terran Infantry Armor Level 1  
  39  4:21  Supply Depot  
  39  4:25  Marine x3  
  39  4:26  SCV, Marauder  
  39  4:30  Orbital Command  
  45  4:42  Refinery  
  45  4:47  Refinery, Marauder  
  45  4:48  Stimpack  
  47  4:56  Factory  
  47  5:02  SCV  
  47  5:06  SCV  
  49  5:14  SCV  
  49  5:15  Marauder  
  49  5:16  Marine x2  
  54  5:24  Supply Depot  
  54  5:29  SCV  
  55  5:41  SCV x2  
  57  5:45  Starport, Factory Reactor  
  57  5:47  Marine x2, Marauder  
  57  5:48  Marine  
  62  5:53  SCV  
  62  5:56  SCV  
  64  6:05  SCV  
  64  6:07  Armory  
  64  6:09  SCV  
  66  6:17  SCV  
  67  6:21  SCV  
  62  6:53  SCV x2  
  64  7:05  SCV x2  
  61  7:08  Medivac x2  
  70  7:16  Command Center  
  70  7:17  SCV, Starport  
  70  7:18  SCV  
  70  7:22  Terran Vehicle And Ship Armor Level 1  
  72  7:25  Terran Infantry Weapons Level 2, Armory, Terran Infantry Armor Level 2  
  72  7:29  SCV  
  73  7:30  SCV  
  74  7:46  Medivac x2  
  78  7:54  Starport  
  78  7:56  SCV x2  
  80  8:01  Command Center  
  80  8:11  Starport Reactor  
  80  8:15  Terran Ship Weapons Level 1  
  80  8:16  Liberator x2  
  86  8:30  Starport  
  66  8:59  Liberator x3  
  66  9:00  Liberator  
  75  9:11  Starport Reactor x2  
  75  9:23  Missile Turret  
  75  9:24  Missile Turret  
  75  9:25  Planetary Fortress, Missile Turret  
  75  9:31  Refinery  
  74  9:32  Refinery  
  74  10:13  Planetary Fortress  
  70  10:46  Liberator x2  
  70  10:47  Liberator x3  
  84  10:59  SCV x3  
  86  11:08  SCV  
  87  11:11  SCV x2  
  87  11:14  SCV  
  90  11:18  Reaper  
  90  11:19  Reaper x4  
  90  11:20  SCV  
  90  11:22  Liberator  
  90  11:23  SCV  
  90  11:24  SCV  
  101  11:27  Terran Vehicle And Ship Armor Level 2  
  101  11:28  Terran Ship Weapons Level 2  
  101  11:34  SCV  
  101  11:39  Refinery  
  102  11:43  Refinery  
  102  11:46  SCV  
  103  11:50  Reaper  
  103  11:51  Reaper  
  103  11:52  Neosteel Armor  
  103  11:53  Hi-Sec Auto Tracking  
  105  11:59  SCV  
  106  12:07  SCV x3  
  109  12:11  SCV  
  110  12:19  SCV x3  
  113  12:23  SCV  
  113  12:29  Starport Reactor  
  114  12:42  SCV  
  114  12:43  SCV x3  
  118  12:52  Command Center  
  109  13:20  Liberator x2  
  109  13:24  Liberator x3  
  124  13:37  Supply Depot x3  
  124  13:38  Supply Depot  
  124  13:40  Supply Depot  
  124  13:58  Liberator x2  
  124  14:01  Supply Depot  
  130  14:03  Liberator  
  130  14:04  Planetary Fortress  
  130  14:09  Refinery  
  133  14:12  Liberator x3  
  133  14:13  Liberator  
  145  14:22  SCV x3  
  145  14:23  SCV  
  149  14:26  Liberator  
  152  14:34  Starport x2  
  152  14:41  Liberator x2  
  152  14:42  SCV x2  
  152  14:43  SCV  
  161  14:46  Liberator  
  164  14:55  Liberator  
  164  14:56  SCV  
  168  15:07  Liberator x2  
  168  15:08  SCV, Liberator  
  168  15:09  Liberator  
  168  15:12  SCV x4  
  185  15:15  Starport  
  185  15:20  SCV  
  186  15:24  SCV  
  187  15:40  SCV x3, Liberator  
  187  15:41  SCV  
  187  15:42  Liberator  
  140  15:51  Viking x2  
  140  15:52  Viking x4  
  152  16:08  Refinery  
  146  16:22  Command Center  
  146  16:25  Viking x4  
  148  16:26  Viking x3  
Show
View Real Time Build Order
Export as new Build Order

Ekelpack Zerg 

Build Orders: Pool First 

Get SALT Encoding   

  12  0:01  Drone  
  13  0:08  Drone  
  14  0:18  Overlord  
  14  0:34  Spawning Pool  
  13  0:36  Drone  
  14  0:45  Drone  
  14  0:46  Drone  
  16  0:52  Drone  
  17  0:57  Extractor  
  17  0:59  Drone  
  17  1:09  Drone  
  18  1:21  Queen  
  20  1:26  Roach Warren, Drone  
  20  1:35  Overlord  
  20  1:41  Drone  
  21  2:07  Roach x2  
  25  2:17  Roach  
  27  2:24  Extractor  
  27  2:28  Roach  
  28  2:30  Roach  
  28  2:31  Overlord  
  30  2:44  Hatchery  
  30  2:46  Drone  
  30  2:55  Drone x2  
  30  2:56  Lair  
  32  3:00  Drone  
  33  3:18  Drone x3  
  36  3:36  Evolution Chamber  
  36  3:41  Drone x2  
  37  4:01  Queen  
  39  4:03  Drone  
  39  4:06  Drone  
  39  4:07  Drone  
  42  4:15  Hydralisk Den  
  41  4:18  Drone x2  
  41  4:19  Overlord  
  41  4:24  Extractor, Zerg Missile Weapons Level 1  
  42  4:36  Drone  
  42  4:37  Overlord  
  43  4:42  Drone  
  44  4:48  Grooved Spines  
  44  4:49  Hydralisk x3  
  50  4:53  Pneumatized Carapace  
  50  5:06  Drone  
  51  5:09  Hydralisk x3  
  51  5:11  Overlord  
  57  5:15  Drone  
  58  5:32  Drone x2  
  58  5:33  Drone  
  61  5:40  Muscular Augments  
  61  5:48  Extractor  
  60  5:53  Drone x2  
  60  5:54  Drone x2  
  60  5:55  Overlord  
  64  5:57  Hydralisk  
  64  5:58  Hatchery  
  65  6:04  Drone  
  65  6:06  Overlord  
  66  6:14  Drone  
  63  6:53  Drone x3  
  66  6:55  Zerg Missile Weapons Level 2  
  66  6:57  Hydralisk x4  
  66  6:58  Hydralisk  
  76  7:23  Hydralisk x6  
  76  7:24  Hydralisk  
  76  7:28  Overlord x2  
  90  7:46  Drone, Queen  
  90  7:47  Drone x2  
  90  7:48  Overlord  
  95  8:04  Drone  
  96  8:16  Drone x2  
  96  8:18  Hydralisk, Extractor  
  96  8:19  Hydralisk x6  
  107  8:20  Hydralisk  
  106  9:15  Zerg Ground Armor Level 1, Extractor  
  92  9:45  Overlord  
  92  9:46  Overlord x5  
  92  9:57  Overlord x3  
  92  10:04  Queen  
  94  10:09  Overlord x3  
  94  10:19  Hydralisk Den  
  87  10:58  Hydralisk x6  
  87  10:59  Hydralisk x6  
  87  11:00  Hydralisk x3  
  117  11:12  Zerg Ground Armor Level 2  
  117  11:19  Overlord  
  117  11:20  Overlord x5  
  117  11:44  Hatchery  
  116  12:23  Overlord x3  
  116  12:30  Overlord x3  
  116  12:31  Overlord x2  
  70  12:49  Hydralisk x4  
  70  12:50  Hydralisk x6  
  70  12:51  Hydralisk x3  
  84  13:13  Drone  
  84  13:14  Drone  
  84  13:15  Hydralisk x5  
  94  13:33  Hydralisk  
  94  13:34  Hydralisk x2  
  100  13:45  Hydralisk  
  100  13:46  Hydralisk x2  
  106  14:10  Drone  
  106  14:11  Drone x2  
  106  14:14  Drone x3  
  112  14:41  Drone x4  
  112  14:42  Drone  
  117  14:55  Hydralisk x6  
  117  14:56  Hydralisk x5  
  121  15:36  Hydralisk x7  
  121  15:37  Hydralisk  
Show
View Real Time Build Order
Export as new Build Order

llordciock Protoss - Winner!

Build Orders:  

Get SALT Encoding   

  12  0:03  Probe  
  13  0:26  Pylon  
  13  0:28  Probe (Chrono Boost)  
  14  0:39  Probe (Chrono Boost)  
  15  0:43  Probe (Chrono Boost)  
  15  0:46  Gateway  
  16  0:54  Probe  
  17  0:59  Gateway  
  17  1:09  Assimilator  
  17  1:18  Probe (Chrono Boost)  
  17  1:24  Pylon  
  18  1:28  Probe (Chrono Boost)  
  19  1:33  Probe (Chrono Boost)  
  19  1:36  Cybernetics Core  
  20  1:45  Probe  
  21  1:50  Assimilator  
  21  1:57  Probe  
  22  2:13  Stalker x2  
  26  2:25  Warp Gate  
  26  2:36  Nexus  
  26  2:46  Stalker  
  28  2:56  Stalker  
  30  3:06  Gateway  
  30  3:14  Pylon  
  30  3:17  Probe  
  31  3:29  Twilight Council  
  31  3:32  Probe  
  32  3:51  Stalker x2  
  36  3:58  Probe (Chrono Boost)  
  37  4:07  Probe (Chrono Boost)  
  38  4:12  Probe (Chrono Boost)  
  39  4:17  Gateway  
  39  4:18  Charge  
  39  4:24  Forge  
  39  4:31  Robotics Facility  
  39  4:47  Stalker  
  39  4:49  Stalker x2  
  45  4:56  Probe  
  45  4:57  Probe  
  47  5:01  Protoss Ground Weapons Level 1  
  47  5:08  Probe  
  48  5:17  Stalker x2  
  52  5:23  Observer  
  52  5:27  Probe  
  54  5:37  Pylon  
  54  5:41  Pylon  
  54  5:55  Observer, Probe x2  
  57  6:00  Shield Battery  
  57  6:03  Photon Cannon  
  57  6:05  Photon Cannon  
  57  6:07  Probe x2  
  59  6:12  Gateway  
  59  6:21  Stalker  
  59  6:22  Stalker x2  
  63  6:41  Warp Prism  
  65  7:02  Shield Battery  
  65  7:04  Stalker  
  65  7:08  Protoss Ground Armor Level 1  
  67  7:27  Stalker  
  69  7:37  Pylon  
  69  7:40  Pylon  
  69  7:42  Pylon  
  69  7:59  Zealot x2  
  69  8:00  Zealot x2  
  77  8:20  Zealot x2  
  81  8:28  Zealot  
  81  8:29  Zealot x2  
  87  8:42  Zealot x2  
  91  8:54  Zealot x2  
  91  8:55  Zealot  
  75  9:21  Gateway  
  75  9:30  Nexus  
  75  9:37  Zealot x2  
  75  9:38  Zealot x2  
  83  9:47  Robotics Bay  
  83  9:50  Robotics Facility  
  83  9:55  Assimilator  
  83  9:58  Assimilator  
  79  10:12  Zealot  
  79  10:13  Zealot x2  
  85  10:14  Zealot  
  85  10:41  Zealot x3  
  81  10:43  Zealot  
  71  10:58  Pylon  
  71  11:01  Pylon  
  67  11:05  Probe x2  
  67  11:07  Probe  
  70  11:17  Probe  
  70  11:18  Probe  
  72  11:19  Probe  
  72  11:20  Gravitic Boosters  
  72  11:25  Colossus x2  
  73  11:30  Probe x2  
  73  11:31  Probe  
  88  11:46  Blink  
  88  11:50  Protoss Ground Weapons Level 2  
  88  11:56  Templar Archives  
  88  12:04  Probe (Chrono Boost)  
  89  12:13  Shield Battery  
  89  12:14  Probe (Chrono Boost)  
  89  12:15  Shield Battery, Probe x2 (Chrono Boost)  
  92  12:18  Colossus  
  92  12:19  Photon Cannon, Probe (Chrono Boost), Colossus  
  92  12:20  Photon Cannon  
  92  12:22  Probe x2, Photon Cannon  
  107  12:24  Photon Cannon  
  107  12:25  Photon Cannon  
  107  12:27  Robotics Facility  
  107  12:28  Robotics Facility  
  107  12:30  Probe  
  107  12:34  Probe  
  109  12:38  Stalker  
  109  12:39  Stalker  
  109  12:40  Zealot x2  
  109  12:42  Probe  
  118  12:50  Observer  
  118  12:55  Assimilator  
  118  13:05  Pylon  
  118  13:07  Pylon  
  118  13:12  Colossus  
  124  13:22  Colossus  
  130  13:32  Shield Battery  
  130  13:33  Shield Battery x2  
  130  13:36  Photon Cannon  
  130  13:38  Photon Cannon  
  130  13:41  Photon Cannon  
  130  13:43  Photon Cannon  
  130  13:46  Colossus  
  136  13:53  Assimilator  
  136  14:10  Observer  
  136  14:11  Nexus  
  136  14:13  Pylon  
  136  14:14  Protoss Ground Armor Level 2  
  136  14:16  Pylon  
  136  14:18  Photon Cannon  
  136  14:21  Photon Cannon  
  136  14:26  Photon Cannon  
  136  14:31  Colossus  
  142  14:47  Stalker  
  142  14:48  Stalker x2  
  142  14:49  Stalker  
  150  14:58  Forge, Probe  
  150  14:59  Probe x2  
  153  15:04  Observer  
  153  15:05  Photon Cannon  
  153  15:07  Photon Cannon  
  153  15:08  Photon Cannon  
  153  15:10  Probe  
  153  15:11  Photon Cannon  
  153  15:13  Photon Cannon  
  126  16:30  Stalker x3  
  126  16:31  Stalker  
Show
View Real Time Build Order
Export as new Build Order

Vince Protoss - Winner!

Build Orders: Phoenix Opening, Carriers, Mass Phoenix 

Get SALT Encoding   

  12  0:01  Probe  
  13  0:13  Probe  
  14  0:25  Pylon  
  14  0:29  Probe (Chrono Boost)  
  15  0:42  Probe (Chrono Boost)  
  15  0:46  Gateway  
  16  0:51  Probe  
  17  1:03  Probe  
  18  1:04  Forge  
  18  1:15  Probe  
  18  1:16  Assimilator  
  19  1:19  Assimilator  
  19  1:27  Probe (Chrono Boost)  
  20  1:35  Cybernetics Core  
  20  1:36  Probe (Chrono Boost)  
  21  1:41  Probe (Chrono Boost)  
  22  1:56  Photon Cannon  
  22  2:06  Probe  
  23  2:19  Nexus  
  23  2:27  Pylon  
  23  2:44  Stargate  
  23  2:54  Shield Battery  
  23  3:05  Pylon  
  23  3:08  Pylon  
  23  3:25  Assimilator  
  23  3:28  Stargate  
  23  3:30  Assimilator  
  23  3:31  Stargate  
  23  3:40  Probe x2  
  25  3:49  Phoenix  
  25  3:52  Probe  
  25  3:53  Probe  
  29  4:04  Probe  
  29  4:05  Protoss Air Weapons Level 1 (Chrono Boost), Probe  
  31  4:13  Phoenix  
  33  4:21  Phoenix  
  35  4:24  Probe  
  35  4:26  Probe  
  37  4:36  Probe  
  38  4:38  Phoenix, Probe  
  41  4:51  Phoenix  
  43  4:54  Probe  
  43  4:55  Probe  
  45  5:00  Phoenix  
  47  5:09  Phoenix  
  49  5:23  Pylon  
  49  5:26  Pylon  
  49  5:27  Phoenix  
  51  5:29  Phoenix  
  51  5:34  Probe  
  54  5:38  Phoenix  
  56  5:44  Probe  
  56  5:46  Probe  
  56  5:47  Warp Gate (Chrono Boost)  
  58  6:04  Protoss Shields Level 1 (Chrono Boost)  
  58  6:08  Photon Cannon  
  58  6:09  Photon Cannon  
  58  6:13  Phoenix  
  60  6:40  Phoenix  
  60  6:41  Phoenix x2  
  66  6:52  Photon Cannon  
  66  6:57  Shield Battery  
  66  7:07  Phoenix  
  66  7:08  Phoenix  
  70  7:19  Phoenix  
  72  7:28  Probe x2  
  74  7:34  Protoss Air Armor Level 1 (Chrono Boost)  
  74  7:36  Pylon  
  74  7:38  Phoenix  
  74  7:40  Probe x2  
  74  7:41  Pylon  
  74  7:43  Pylon  
  78  7:54  Probe x2, Phoenix  
  78  7:55  Phoenix  
  84  8:08  Fleet Beacon  
  84  8:12  Phoenix  
  86  8:57  Carrier x2  
  68  9:44  Carrier  
  74  10:01  Carrier  
  80  10:26  Carrier  
  86  10:35  Protoss Air Weapons Level 2 (Chrono Boost)  
  86  10:36  Nexus  
  86  10:39  Pylon  
  86  10:42  Pylon  
  86  10:45  Assimilator  
  86  10:48  Assimilator  
  86  11:20  Carrier (Chrono Boost)  
  98  11:27  Carrier (Chrono Boost)  
  98  11:31  Photon Cannon  
  98  11:33  Photon Cannon  
  98  11:35  Carrier (Chrono Boost)  
  98  11:37  Shield Battery  
  98  11:39  Shield Battery  
  104  12:06  Stargate  
  104  12:17  Carrier (Chrono Boost)  
  110  12:26  Probe x3  
  113  12:38  Probe x3  
  110  12:54  Carrier x2  
  118  13:37  Void Ray x2  
  118  13:38  Probe x2  
  118  13:39  Probe  
  121  13:48  Pylon  
  121  13:50  Probe x2  
  121  13:51  Probe  
  121  13:52  Pylon  
  121  13:53  Pylon  
  124  13:57  Pylon  
  124  14:02  Carrier  
  130  14:05  Shield Battery  
  130  14:08  Shield Battery  
  134  14:12  Void Ray  
  134  14:15  Stargate  
  134  14:16  Pylon  
  134  14:18  Carrier  
  134  14:22  Flux Vanes  
  144  14:24  Void Ray  
  144  14:38  Nexus  
  148  14:58  Void Ray  
  152  15:07  Void Ray  
  152  15:21  Assimilator  
Tags
 
Add a new tag
Caveats
  • Supply blocks, unpowered buildings, or Contaminate may cause inaccurate times.
  • Supply counts are checked every 10 seconds.